 Dungeon Crawl Stone Soup version 0.27.1-1-g398f81649c (webtiles) character file.

Game seed: 4007506289623906570

2263 Descartes the Magician (level 9, -21/45 HPs)
             Began as a Deep Elf Fire Elementalist on Sept 8, 2021.
             Demolished by a two-headed ogre (24 damage)
             ... on level 6 of the Dungeon.
             The game lasted 00:21:20 (10012 turns).

Descartes the Magician (DEFE)                      Turns: 10012, Time: 00:21:21

Health: -21/45     AC: 12    Str:  5    XL:     9   Next: 15%
Magic:  12/21      EV: 15    Int: 24    God:
Gold:   308        SH:  0    Dex: 15    Spells: 11/22 levels left

rFire    + . .     SeeInvis .   c - +1 dagger (venom)
rCold    . . .     Faith    .   (no shield)
rNeg     . . .     Spirit   .   J - +0 steam dragon scales
rPois    .         Reflect  .   (no helmet)
rElec    .         Harm     .   l - +0 cloak
rCorr    .         Rampage  .   G - +0 pair of gloves
Will     .....                  e - +0 pair of boots
Stlth    +++.......             (no amulet)
HPRegen  0.15/turn              f - +4 ring of protection
MPRegen  0.17/turn              B - ring of protection from fire

@: no status effects
A: no striking features
a: no special abilities


You were on level 6 of the Dungeon.
You visited 1 branch of the dungeon, and saw 7 of its levels.
You also visited: Sewer.

You collected 308 gold pieces.

Inventory:

Hand Weapons
 c - a +1 dagger of venom (weapon)
 y - a +0 hand crossbow
 C - a +0 whip of flaming
Missiles
 d - 182 stones
 i - 52 arrows
 j - 10 poisoned darts
 m - 8 boomerangs
 n - 92 bolts
 r - 20 sling bullets
Armour
 e - a +0 pair of boots (worn)
 l - a +0 cloak (worn)
 A - a +0 leather armour
 G - a +0 pair of gloves (worn)
 H - a +1 robe of positive energy
 J - +0 steam dragon scales (worn)
Jewellery
 f - a +4 ring of protection (left hand)
 B - a ring of protection from fire (right hand)
 L - a +4 ring of slaying
Wands
 I - a wand of flame (19)
Scrolls
 a - 2 scrolls of fog {unknown}
 b - 6 scrolls of noise
 g - 2 scrolls of vulnerability {unknown}
 h - a scroll of enchant armour {unknown}
 s - a scroll of amnesia
 t - 3 scrolls of teleportation {unknown}
 u - 4 scrolls of magic mapping
 z - 2 scrolls of immolation {unknown}
 D - a scroll of blinking {unknown}
Potions
 k - 2 potions of haste
 o - a potion of degeneration
 p - a potion of heal wounds {unknown}
 q - a potion of invisibility {unknown}
 v - 2 potions of brilliance
 w - a potion of might {unknown}
 x - 3 potions of curing
 E - 5 potions of flight
 F - a potion of mutation
 K - a potion of attraction {unknown}
 M - a potion of resistance


   Skills:
 + Level 6.3 Dodging
 + Level 6.4 Stealth
 + Level 7.0 Spellcasting
 + Level 5.0 Conjurations
 + Level 5.2 Hexes
 + Level 4.2 Transmutations
 + Level 6.3 Fire Magic


You had 11 spell levels left.
You knew the following spells:

 Your Spells              Type           Power      Damage    Failure   Level
a - Foxfire               Conj/Fire      100%       2x1d9     1%          1
b - Fireball              Conj/Fire      17%        3d9       19%         5
c - Yara's Violent Unrav  Hex/Tmut       15%        3d8       28%         5

Your spell library contained the following spells:

 Spells                   Type           Power      Damage    Failure   Level
 Slow                     Hex            33%        N/A       1%          2
 Wereblood                Tmut           28%        N/A       1%          2
 Conjure Flame            Conj/Fire      35%        6-21      1%          3
 Inner Flame              Hex/Fire       36%        N/A       1%          3
 Confusing Touch          Hex            33%        N/A       2%          3
 Sticky Flame             Conj/Fire      35%        2d5       7%          4
 Sublimation of Blood     Necr           4%         N/A       11%         2
 Summon Hydra             Summ           4%         N/A       100%        7


Dungeon Overview and Level Annotations

Branches:
Dungeon (7/15)              Sewer (visited)
 Temple: D:4-7

Altars:
Cheibriados
Sif Muna
Trog
Uskayaw
Yredelemnul
Zin

Annotations:
D:6 Grinder


Message History

Confirm with . or Enter, or press ? or * to list all spells.
You conjure some foxfire!
The foxfire hits the two-headed ogre.
The two-headed ogre is severely wounded.
The foxfire hits the two-headed ogre but does no damage.
The two-headed ogre is severely wounded.
The two-headed ogre hits you with a +0 giant club!
The two-headed ogre hits you with a +0 giant club.
The foxfire hits the two-headed ogre.
The two-headed ogre is severely wounded.
The foxfire hits the two-headed ogre.
The two-headed ogre is severely wounded.
Casting: Foxfire (safe; 1% risk of failure)
Confirm with . or Enter, or press ? or * to list all spells.
You conjure some foxfire!
The two-headed ogre hits you with a +0 giant club. x2
Your foxfire dissipates!
The foxfire hits the two-headed ogre.
The two-headed ogre is severely wounded.
Casting: Foxfire (safe; 1% risk of failure)
Confirm with . or Enter, or press ? or * to list all spells.
You conjure some foxfire!
Your foxfire dissipates!
The foxfire hits the two-headed ogre!
The two-headed ogre is almost dead.
Casting: Foxfire (safe; 1% risk of failure)
Confirm with . or Enter, or press ? or * to list all spells.
You conjure some foxfire!
The two-headed ogre hits you with a +0 giant club.
The two-headed ogre hits you with a +0 giant club!
* * * LOW HITPOINT WARNING * * *
The foxfire hits the two-headed ogre.
The two-headed ogre is almost dead.
The foxfire hits the two-headed ogre but does no damage.
The two-headed ogre is almost dead.
Casting: Foxfire (safe; 1% risk of failure)
Confirm with . or Enter, or press ? or * to list all spells.
You conjure some foxfire!
The two-headed ogre hits you with a +0 giant club!!
Ouch! That really hurt!
You die...

##.#.#.)....# #.# #>.....#.#
##.#......##############....#.###
##.###............[..####+#......
...###..#............'_##.#.#####
#####................###..#...##
.........################......#
.........'........#..#..'......#
.........##.###v###..#.##......#
...............O@....#.#.......#
..........#.###v##...#.#.......#
..........#..##.##..[#.#.##'####
........#.##.##.##...#.#.##.####
........#.##..#.##...#.#.##....##
#####...#.###.#.##.....#.##....'.
## #...#.# #...##...###.###...##
.# #...#.# ##..##.<.....# #...#
○####...#.# #.>##.##....# #...#


You could see a two-headed ogre (ally target).

Vanquished Creatures
  Pikel (D:4)
  Maggie (D:6)
  Sigmund (D:6)
  A water moccasin (D:6)
  3 ice beasts (D:6)
  4 ogres
  4 lemures
  A bullfrog (D:7)
  A scorpion (D:4)
  3 hounds
  An orc priest (D:3)
  2 centaur skeletons
  3 jellies
  An iguana (D:6)
  A hound skeleton (D:4)
  9 adders
  An ufetubus (D:5)
  An adder skeleton (D:2)
  7 worms
  2 dart slugs
  8 orcs
  8 ball pythons
  13 bats
  15 endoplasms
  10 giant cockroaches
  9 goblins
  2 hobgoblins
  11 jackals
  9 kobolds
  9 quokkas
  A frilled lizard (D:1)
  4 rats
147 creatures vanquished.

Vanquished Creatures (others)
  997 foxfires
997 creatures vanquished.

Grand Total: 1144 creatures vanquished

Notes
Turn   | Place    | Note
-------+----------+-------------------------------------------
     0 | D:1      | Descartes the Deep Elf Fire Elementalist began the quest
                  | for the Orb.
     0 | D:1      | Reached XP level 1. HP: 10/10 MP: 6/6
   248 | D:1      | Reached XP level 2. HP: 12/15 MP: 5/8
  1005 | D:2      | Reached XP level 3. HP: 19/19 MP: 5/9
  1577 | D:2      | Found a basalt altar of Yredelemnul.
  1754 | D:2      | Reached XP level 4. HP: 24/24 MP: 7/11
  2084 | D:2      | Found a faded altar of an unknown god.
  2473 | D:3      | Reached skill level 4 in Spellcasting
  3029 | D:3      | Reached XP level 5. HP: 28/28 MP: 8/13
  3332 | D:3      | Learned a level 5 spell: Fireball
  3338 | D:3      | Learned a level 5 spell: Yara's Violent Unravelling
  3475 | D:4      | Reached skill level 1 in Hexes
  3475 | D:4      | Reached skill level 1 in Transmutations
  3475 | D:4      | Reached XP level 6. HP: 29/32 MP: 6/14
  3817 | D:4      | Found a bloodstained altar of Trog.
  4547 | D:5      | Entered Level 5 of the Dungeon
  4925 | D:5      | Noticed Pikel
  5089 | D:5      | Reached XP level 7. HP: 36/36 MP: 11/16
  5156 | D:5      | Reached skill level 5 in Spellcasting
  5156 | D:5      | Reached skill level 5 in Fire Magic
  5418 | D:5      | Found a hide-covered altar of Uskayaw.
  5955 | D:5      | Found a glowing silver altar of Zin.
  6099 | D:4      | Killed Pikel
  6100 | D:4      | Reached skill level 5 in Dodging
  6100 | D:4      | Reached skill level 5 in Stealth
  6100 | D:4      | Reached XP level 8. HP: 19/41 MP: 5/18
  6400 | D:6      | Found a transporter.
  6438 | D:6      | Found a glowing drain.
  6459 | Sewer    | Entered a sewer
  7533 | D:6      | Noticed Sigmund
  7546 | D:6      | Killed Sigmund
  7547 | D:6      | Reached skill level 6 in Spellcasting
  7814 | D:6      | Noticed Maggie
  7828 | D:6      | Killed Maggie
  8049 | D:6      | Reached XP level 9. HP: 45/45 MP: 17/21
  8297 | D:6      | Found a shimmering blue altar of Sif Muna.
  8388 | D:6      | Found a transporter.
  8449 | D:6      | Reached skill level 5 in Hexes
  8945 | D:6      | Noticed Grinder
  8965 | D:6      | Found a snail-covered altar of Cheibriados.
  8971 | D:6      | Noticed a two-headed ogre
  9543 | D:7      | Reached skill level 7 in Spellcasting
  9543 | D:7      | Reached skill level 5 in Conjurations
 10012 | D:6      | Demolished by a two-headed ogre

Illustrated notes

Levels and vault maps discovered:
D:1:      lightli_arrival_statuegarden, layout_basic, supply_closet_lemuel
D:2:      layout_basic, basic_altar, chequers_ecumenical_altar_island,
          minmay_misc_feat_enclosed, minivault_26, amethyst_killhole,
          minmay_pentomino_u2
D:3:      layout_basic, minivault_25, minmay_misc_feat_cross
D:4:      layout_cave_pools, mainiacjoe_overflow_brackets
D:5:      layout_cave_pools, lemuel_doored_altar, mainiacjoe_overflow_catwalk,
          uniq_pikel
D:6:      gammafunk_cloud_chamber, layout_basic,
          mainiacjoe_overflow_cross_hatched, lemuel_blue_sif_altar,
          gup_sewer_entry_pipe, uniq_sigmund, uniq_maggie, uniq_grinder
D:7:      layout_loops_ring, minmay_temple_entry_nine_rooms, uniq_joseph

Skill      XL: |  1  2  3  4  5  6  7  8  9 |
---------------+----------------------------+-----
Dodging        | 3 4 5 6 |  6.3
Stealth        | 3 4 5 6 |  6.4
Fire Magic     | 4 5 6 |  6.3
Spellcasting   | 4 5 6 7 |  7.0
Conjurations   | 2 3 4 5 |  5.0
Hexes          | 1 2 3 4 5 |  5.2
Transmutations | 1 3 4 |  4.2

Action                   |  1- 3 |  4- 6 |  7- 9 || total
-------------------------+-------+-------+-------++-------
Melee: Dagger            |     3 |     2 |    16 ||    21
 Cast: Foxfire           |    87 |   201 |   296 ||   584
       Yara's Violent Un |       |       |     1 ||     1
  Use: Scroll            |       |       |     7 ||     7
       Potion            |       |       |     2 ||     2
 Stab: Sleeping          |       |       |     1 ||     1
Armor: Robe              |     1 |     4 |     2 ||     7
       Leather armour    |       |     5 |    16 ||    21
       Steam dragon scal |       |       |     8 ||     8
Dodge: Dodged            |    16 |    22 |    70 ||   108
